 Dungeon Crawl Stone Soup version 0.29.1-1-gd02db6906a (webtiles) character file.

Game seed: 6869618617070304705

161039 Colgate the Warrior (level 17, 0/149 HPs)
             Began as a Barachi Ice Elementalist on Oct 9, 2022.
             Was a High Priest of Vehumet.
             Killed from afar by a lindwurm (11 damage)
             ... with a blast of flame
             ... summoned by Kirke
             ... on level 3 of the Spider Nest on Oct 10, 2022.
             The game lasted 05:18:10 (61762 turns).

Colgate the Warrior (Barachi Ice Elementalist)     Turns: 61762, Time: 05:18:10

Health: 0/149      AC:  0    Str:  9    XL:     17   Next: 77%
Magic:  21/35      EV:  9    Int: 23    God:    Vehumet [*****.]
Gold:   1071       SH:  0    Dex: 12    Spells: 0/44 levels left

rFire   . . .      SeeInvis .     - Unarmed
rCold   . . .      Faith    +   (shield currently unavailable)
rNeg    . . .      Spirit   .   (body armour currently unavailable)
rPois   .          Reflect  .   (helmet currently unavailable)
rElec   .          Harm     .   (cloak currently unavailable)
rCorr   .          Rampage  .   (gloves currently unavailable)
Will    +....                   (boots currently unavailable)
Stlth   ++........              e - amulet of faith
HPRegen 0.34/turn               (ring currently unavailable)
MPRegen 0.24/turn               (ring currently unavailable)

@: pig-form, slightly contaminated, held, slowed
A: fast, no casting, (amphibious), small, (slowness 1), (strong legs 2), +LOS,
(deformed body), weak 1, wild magic 1
a: Renounce Religion


You were on level 3 of the Spider Nest.
You worshipped Vehumet.
Vehumet was extremely pleased with you.
You were a filthy swine.
You visited 6 branches of the dungeon, and saw 28 of its levels.
You visited 1 bazaar.
You also visited: Gauntlet.

You collected 2754 gold pieces.
You spent 1683 gold pieces at shops.

Inventory:

Hand Weapons
 w - the +7 lajatang of Order {silver, rMut}
   (You bought it in a shop in a bazaar)

   It inflicts extra damage upon those it strikes, and deals substantially
   increased damage to chaotic, mutated and magically transformed beings.
   rMut:      It protects you from mutation.
Missiles
 j - 4 curare-tipped darts
 z - 4 throwing nets {!f}
 Y - 6 silver javelins
Armour
 s - a +2 pair of gloves (melded)
 x - the +0 robe of Keol Daingal (melded) {Archmagi}
   (You found it on level 5 of the Lair of Beasts)

   Archmagi:  It increases the power of your magical spells.
 P - a +2 hat of see invisible (melded)
 R - a +2 cloak (melded)
Magical Staves
 b - a staff of air (melded)
Jewellery
 a - a ring of protection from fire
 e - an amulet of faith (around neck)
 n - an amulet of guardian spirit
 o - a ring of see invisible
 t - a +4 ring of protection (melded)
 I - a ring of fire
 J - a +4 ring of evasion (melded)
 K - a ring of resist corrosion
 M - a ring of protection from fire
Wands
 B - a wand of polymorph (6)
 H - a wand of quicksilver (2)
 L - a wand of mindburst (3)
 N - a wand of digging (5) {@v3}
 Q - a wand of paralysis (15)
 V - a wand of roots (11) {@v2}
 X - a wand of flame (23)
Scrolls
 c - 4 scrolls of blinking {@r4}
 f - 11 scrolls of teleportation {@r3}
 i - 5 scrolls of summoning
 p - 5 scrolls of vulnerability
 r - 3 scrolls of butterflies
 y - 3 scrolls of poison
 E - 3 scrolls of amnesia
 F - 7 scrolls of fear
 G - a scroll of silence
 T - 2 scrolls of magic mapping {@r5}
Potions
 d - 4 potions of flight
 g - 15 potions of curing {@q1}
 h - 5 potions of haste {@q4}
 k - 7 potions of brilliance
 l - 5 potions of resistance {@q5}
 m - 2 potions of ambrosia
 u - 8 potions of attraction
 v - 3 potions of berserk rage
 A - 4 potions of heal wounds {@q2}
 C - 2 potions of invisibility
 D - a potion of mutation
 O - a potion of magic
 U - 5 potions of might {@q3}
Miscellaneous
 S - a lightning rod (4/4)
 W - a condenser vane
 Z - a box of beasts


   Skills:
 - Level 17.6 Fighting
 - Level 4.3 Staves
 - Level 9.7 Dodging
 - Level 1.7 Stealth
 - Level 4.3 Unarmed Combat
 - Level 14.0 Spellcasting
 - Level 9.0 Conjurations
 - Level 1.0 Translocations
 + Level 12.5 Transmutations
 - Level 9.0 Ice Magic
 - Level 13.0 Air Magic
 - Level 8.0 Earth Magic
 - Level 10.0 Evocations


You couldn't memorise any spells.
You knew the following spells:

 Your Spells              Type           Power      Damage    Failure   Level
a - Storm Form            Tmut/Air       39%        N/A       24%         7
b - Wereblood             Tmut           77%        N/A       1%          2
c - Ozocubu's Armour      Ice            66%        N/A       1%          3
d - Swiftness             Air            78%        N/A       1%          3
e - Freezing Cloud        Conj/Ice/Air   35%        6-21      1%          5
f - Conjure Ball Lightni  Conj/Air       36%        3x3d12    2%          6
g - Irradiate             Conj/Tmut      35%        3d23      1%          5
h - Lee's Rapid Deconstr  Erth           31%        3d17*     1%          5
i - Iron Shot             Conj/Erth      32%        9d7       7%          6
j - Blink                 Tloc           54%        N/A       6%          2

Your spell library contained the following spells:

 Spells                   Type           Power      Damage    Failure   Level
 Spellforged Servitor     Conj/Summ      23%        N/A       78%         7
 Beastly Appendage        Tmut           100%       N/A       1%          1
 Foxfire                  Conj/Fire      100%       2x1d9     1%          1
 Freeze                   Ice            100%       1d11      1%          1
 Magic Dart               Conj           100%       1d8       1%          1
 Shock                    Conj/Air       100%       1d9       1%          1
 Searing Ray              Conj           100%       2d8       1%          2
 Static Discharge         Conj/Air       72%        3-12/arc  1%          2
 Conjure Flame            Conj/Fire      47%        6-21      1%          3
 Dazzling Flash           Conj/Hex       94%        N/A       1%          3
 Frozen Ramparts          Ice            100%       1d16      1%          3
 Ignite Poison            Fire/Tmut/Pois 46%        N/A       1%          3
 Mephitic Cloud           Conj/Pois/Air  59%        N/A       1%          3
 Spider Form              Tmut/Pois      55%        N/A       1%          3
 Stone Arrow              Conj/Erth      100%       3d13      1%          3
 Airstrike                Air            39%        2d(6-22)  1%          4
 Hailstorm                Conj/Ice       66%        3d14      1%          4
 Ice Form                 Ice/Tmut       72%        N/A       1%          4
 Petrify                  Tmut/Erth      70%        N/A       1%          4
 Blade Hands              Tmut           38%        N/A       1%          5
 Lightning Bolt           Conj/Air       36%        1d54      1%          5
 Flame Wave               Conj/Fire      47%        2d12      2%          4
 Fulminant Prism          Conj/Hex       23%        3d13      2%          4
 Sticky Flame             Conj/Fire      47%        2d6       2%          4
 Yara's Violent Unravell  Hex/Tmut       27%        3d12      3%          5
 Apportation              Tloc           54%        N/A       4%          1
 Inner Flame              Hex/Fire       20%        N/A       4%          3
 Necrotise                Necr           80%        1d8       6%          1
 Summon Small Mammal      Summ           80%        N/A       6%          1
 Sublimation of Blood     Necr           20%        N/A       9%          2
 Summon Ice Beast         Ice/Summ       48%        N/A       10%         4
 Silence                  Hex/Air        28%        N/A       11%         5
 Gell's Gravitas          Tloc           27%        N/A       12%         3
 Lesser Beckoning         Tloc           27%        N/A       12%         3
 Teleport Other           Tloc           27%        N/A       12%         3
 Alistair's Intoxication  Tmut/Pois      36%        N/A       12%         5
 Portal Projectile        Hex/Tloc       48%        N/A       13%         3
 Statue Form              Tmut/Erth      46%        N/A       13%         6
 Tukima's Dance           Hex            20%        N/A       16%         3
 Vampiric Draining        Necr           20%        2d7       16%         3
 Metabolic Englaciation   Hex/Ice        24%        N/A       22%         5
 Borgnjor's Vile Clutch   Necr/Erth      22%        N/A       28%         5
 Anguish                  Hex/Necr       10%        N/A       45%         4
 Animate Dead             Necr           20%        N/A       45%         4
 Manifold Assault         Tloc           27%        N/A       65%         5
 Simulacrum               Ice/Necr       24%        N/A       73%         6
 Agony                    Necr           20%        N/A       78%         5
 Death Channel            Necr           10%        N/A       100%        6
 Enfeeble                 Hex            10%        N/A       100%        7
 Borgnjor's Revivificati  Necr           10%        N/A       100%        8
 Necromutation            Tmut/Necr      27%        N/A       100%        8
 Death's Door             Necr           10%        N/A       100%        9
 Polar Vortex             Ice            33%        N/A       100%        9


Dungeon Overview and Level Annotations

Branches:
Dungeon (15/15)            Temple (1/1) D:5            Lair (5/5) D:11
  Swamp (1/4) Lair:3       Spider (4/4) Lair:2        Slime (0/5) Lair:5
    Orc (2/2) D:12            Elf (0/3) Orc:2        Vaults (0/5) D:14
 Depths (0/4) D:15        Gauntlet (visited)

Altars:
Ashenzari
Cheibriados
Dithmenos
Elyvilon
Fedhas
Gozag
Hepliaklqana
Kikubaaqudgha
Makhleb
Nemelex Xobeh
Okawaru
Qazlal
Ru
Sif Muna
Trog
Uskayaw
Vehumet
Wu Jian
Xom
Yredelemnul
Zin
The Shining One
Jiyva

Shops:
D:13 *   D:15 *   Orc:1 [   Orc:2 ****!?

Annotations:
Swamp:1 Louise
Spider:3 Kirke


Innate Abilities, Weirdness & Mutations

You are a filthy swine.
You move quickly.
Your equipment is almost entirely melded.
You are incapable of wielding weapons or throwing items.
You cannot cast spells.
((You are amphibious.))
((You cover ground slowly.))
((You can hop long distances.))
You have an extended range of vision and can be seen from far away.
((Armour fits poorly on your strangely shaped body.))
You are weak. (Str -2)
Your spells are a little harder to cast, but a little more powerful.


Message History

You feel extremely sick.
You see here a +2 antimagic quarterstaff.
You feel very sick.
You feel very sick.
You bite Kirke!
You feel very sick. Kirke misses you.
You feel sick. Kirke casts a spell at you.
You feel a momentary urge to oink.
You feel sick.
Kirke holds her sides and says, "You'll eat dirt beneath my feet."
Kirke mumbles some strange words.
Kirke summons a lindwurm!
You feel less contaminated with magical energies.
You feel sick.
You feel sick.
You feel sick. The lindwurm breathes flames at you.
The blast of flame hits you!
* * * LOW HITPOINT WARNING * * *
You feel sick.
You feel sick.
You feel sick.
You are no longer poisoned.
The lindwurm breathes flames at you. The blast of flame misses you.
The lindwurm breathes flames at you. The blast of flame hits you!!
* * * LOW HITPOINT WARNING * * *
There is a stone staircase leading down, spattered with blood here.
You see here a hog corpse.
You are caught in the web!
There is a web here.
You struggle to detach yourself from the web.
Kirke points at you and mumbles some strange words.
You feel a momentary urge to oink. The lindwurm breathes flames at you.
The blast of flame hits you!
You die...

...............#####
#..........#....##.##
#........(##....#...#
#........###^.....>.##
#...#.....####[......#
#..##.....# ##.....##
#####....## ##^.>.##
###### #....^.#
####h##.## #^#^†.#..##
#.^^>.^...##
###).k#....#
##..#^#..@..#
#.....^#....#
#.^....#..###
##.....#.#..#
##...^##@...#


You could see Kirke (misshapen) and a lindwurm (summoned, catching breath).

Vanquished Creatures
  Bai Suzhen (Spider:3)
  Arachne (Spider:2)
  Gastronok (D:10)
  Frances (D:13)
  Roxanne (D:14)
  2 emperor scorpions (Spider:1)
  An orc warlord (Orc:1)
  A ghost moth (Spider:2)
  3 broodmothers
  Azrael (D:15)
  2 spark wasps
  3 entropy weavers
  A dire elephant (Lair:5)
  A minotaur (Gauntlet)
  Snorg (D:10)
  Josephine (D:9)
  An ettin (D:14)
  An ice dragon (D:14)
  11 hydras
  Harold (Lair:2)
  3 ogre magi
  2 radroaches
  6 boulder beetles
  A jorogumo (Spider:3)
  A ghost crab (Gauntlet)
  4 centaur warriors
  A two-headed ogre (shapeshifter) (Gauntlet)
  23 two-headed ogres
  6 death yaks
  A tengu warrior (D:14)
  A spriggan (Swamp:1)
  A spectral death yak (Lair:5)
  A goliath frog (shapeshifter) (Gauntlet)
  An iron troll (D:14)
  A sun moth (Spider:2)
  4 pharaoh ants
  4 sixfirhies (Gauntlet)
  3 steelbarb worms
  7 orb spiders
  A spectral anaconda (Lair:5)
  An obsidian statue (Lair:5)
  2 deep trolls (Orc:2)
  2 deep elf zephyrmancers (D:15)
  2 bog bodies (Lair:3)
  2 deep elf pyromancers
  5 necromancers
  2 orc sorcerers
  8 ugly things
  4 orc knights
  11 wolf spiders
  3 manticores
  2 oklob plants (D:11)
  5 cyclopes
  2 moths of wrath
  11 elephants
  A centaur zombie (D:15)
  6 black mambas
  5 torpor snails
  A naga mage (D:15)
  An eye of devastation (shapeshifter) (Gauntlet)
  A gargoyle (D:10)
  2 centaur skeletons (D:15)
  5 rime drakes
  2 unseen horrors (D:6)
  2 dire elephant skeletons (Lair:5)
  5 demonic crawlers
  19 cane toads
  A tengu conjurer (D:14)
  An efreet (D:14)
  7 komodo dragons
  3 meliai (Spider:4)
  A polar bear (Lair:4)
  A bloated husk (Swamp:1)
  14 trolls
  3 hornets
  26 tarantellas
  10 blink frogs
  13 dream sheep
  A slime creature (D:15)
  A harpy skeleton (D:15)
  A spectral elephant (Lair:5)
  19 culicivoras
  A meliai zombie (D:15)
  Sigmund (D:8)
  16 jumping spiders
  A centaur simulacrum (D:14)
  2 vampires
  3 shadows
  4 wraiths
  5 wyverns
  68 yaks
  A water elemental (D:13)
  A dire elephant simulacrum (Lair:5)
  2 fire elementals (D:15)
  4 hogs
  26 redbacks
  4 basilisks
  4 vampire mosquitoes
  Edmund (D:4)
  A steam dragon (D:9)
  2 swamp worms (Swamp:1)
  3 wargs
  4 spectral cane toads (Lair:5)
  5 hell hounds (D:15)
  14 water moccasins
  An acid dragon (D:12)
  23 orc warriors
  2 sky beasts (D:6)
  2 swamp drakes (Swamp:1)
  A sky beast (shapeshifter) (D:14)
  4 ice beasts
  2 black bears (D:6)
  An elephant zombie (Lair:5)
  23 ogres
  15 centaurs
  14 wolves
  A kobold brigand (D:6)
  14 bullfrogs
  2 necrophages
  2 gnoll sergeants
  A cane toad simulacrum (Lair:5)
  5 scorpions
  A water moccasin zombie (D:4)
  12 wights
  A killer bee (D:6)
  2 elephant simulacra (Lair:5)
  5 howler monkeys
  A bullfrog zombie (D:4)
  A hound (D:6)
  A jelly (D:6)
  A gnoll bouda (D:6)
  19 orc priests
  3 iguanas (D:6)
  15 orc wizards
  2 hound zombies (D:4)
  12 gnolls
  8 adders
  2 shadow imps
  A white imp (D:6)
  2 ufetubi
  An adder zombie (D:4)
  2 worms (D:2)
  2 dart slugs (D:3)
  75 orcs
  5 ball pythons
  10 endoplasms
  2 giant cockroaches
  12 goblins
  13 hobgoblins
  2 jackals (D:3)
  8 kobolds
  2 quokkas
  3 bats
  2 frilled lizards
  4 rats
  A bush (Lair:2)
841 creatures vanquished.

Vanquished Creatures (collateral kills)
  13 ball lightnings
13 creatures vanquished.

Vanquished Creatures (others)
  An ogre mage (Orc:2)
  2 ugly things (D:15)
  2 slime creatures (D:15)
  A gnoll (D:8)
  An orc (Orc:1)
  2 hobgoblins (D:8)
  426 ball lightnings
  42 fungi
  68 plants
  33 withered plants (Lair:5)
578 creatures vanquished.

Grand Total: 1432 creatures vanquished

Notes
Turn   | Place    | Note
-------+----------+-------------------------------------------
     0 | D:1      | Colgate the Barachi Ice Elementalist began the quest for
                  | the Orb.
     0 | D:1      | Reached XP level 1. HP: 13/13 MP: 3/3
   108 | D:1      | Reached skill level 5 in Ice Magic
   684 | D:1      | Reached XP level 2. HP: 19/19 MP: 1/5
  1727 | D:1      | Reached XP level 3. HP: 24/24 MP: 4/6
  1750 | D:1      | Learned a level 3 spell: Frozen Ramparts
  2905 | D:2      | Found a shimmering altar of Xom.
  2994 | D:2      | Reached XP level 4. HP: 30/30 MP: 4/7
  3286 | D:2      | Learned a level 3 spell: Ozocubu's Armour
  3653 | D:2      | Found a faded altar of an unknown god.
  3708 | D:2      | Prayed at the altar of an unknown god.
  3708 | D:2      | Became a worshipper of the Shining One
  3708 | D:2      | Reached * piety under the Shining One
  4289 | D:3      | Reached skill level 1 in Conjurations
  4497 | D:3      | Noticed a scorpion
  4501 | D:3      | Killed a scorpion
  4502 | D:3      | Reached XP level 5. HP: 35/35 MP: 1/8
  5405 | D:4      | Noticed Edmund
  5425 | D:4      | Killed Edmund
  5426 | D:4      | Reached skill level 5 in Conjurations
  5426 | D:4      | Reached XP level 6. HP: 20/41 MP: 0/9
  5755 | D:4      | Learned a level 4 spell: Hailstorm
  5774 | D:4      | Found a basalt altar of Yredelemnul.
  5785 | D:4      | Reached ** piety under the Shining One
  5793 | D:4      | Reached XP level 7. HP: 45/46 MP: 7/11
  6511 | D:5      | Entered Level 5 of the Dungeon
  6567 | D:5      | Found a staircase to the Ecumenical Temple.
  6577 | Temple   | Entered the Ecumenical Temple
  6763 | Temple   | Fell from the grace of the Shining One
  6763 | Temple   | Became a worshipper of Vehumet
  7343 | D:5      | Reached XP level 8. HP: 14/52 MP: 2/12
  7592 | D:5      | Reached skill level 1 in Fighting
  7704 | D:5      | Reached skill level 2 in Fighting
  7870 | D:5      | Found a broken altar of Ashenzari.
  7982 | D:5      | Reached skill level 3 in Fighting
  8186 | D:5      | Reached skill level 4 in Fighting
  8548 | D:6      | Reached skill level 5 in Fighting
  8564 | D:6      | Reached * piety under Vehumet
  8564 | D:6      | Offered knowledge of Foxfire by Vehumet.
  8673 | D:6      | Got the Directory of Unholy Magic
  8723 | D:6      | Found a hazy altar of Hepliaklqana.
  8940 | D:6      | Reached skill level 6 in Fighting
  9744 | D:6      | Noticed a wyvern
 10167 | D:6      | Reached XP level 9. HP: 71/71 MP: 6/13
 10240 | D:6      | Reached skill level 7 in Fighting
 10326 | D:6      | Noticed a troll
 10344 | D:6      | Killed a troll
 10462 | D:6      | Noticed a cyclops
 10471 | D:6      | Killed a cyclops
 10472 | D:6      | Reached skill level 8 in Fighting
 10644 | D:6      | Reached skill level 9 in Fighting
 10994 | D:7      | Found a stormy altar of Qazlal.
 11093 | D:7      | Found a blossoming altar of Fedhas.
 12493 | D:7      | Reached skill level 1 in Air Magic
 12748 | D:8      | Noticed Sigmund
 12844 | D:8      | Killed Sigmund
 13142 | D:8      | Reached ** piety under Vehumet
 13143 | D:8      | Reached XP level 10. HP: 83/83 MP: 6/15
 13150 | D:8      | Reached skill level 1 in Evocations
 13151 | D:8      | Offered knowledge of Shock by Vehumet.
 13274 | D:8      | Learned a level 5 spell: Freezing Cloud
 13553 | D:8      | Reached skill level 5 in Evocations
 14252 | D:9      | Offered knowledge of Scorch by Vehumet.
 14895 | D:9      | Reached XP level 11. HP: 89/89 MP: 8/17
 15401 | D:9      | Found a glowing silver altar of Zin.
 15715 | D:9      | Found a shadowy altar of Dithmenos.
 15718 | D:9      | Reached *** piety under Vehumet
 15815 | D:9      | Found an ancient bone altar of Kikubaaqudgha.
 15992 | D:10     | Entered Level 10 of the Dungeon
 16003 | D:9      | Reached skill level 10 in Evocations
 16017 | D:10     | Noticed Josephine
 16234 | D:9      | Reached skill level 10 in Fighting
 16335 | D:9      | Killed Josephine
 16715 | D:10     | Reached skill level 11 in Fighting
 16879 | D:10     | Reached skill level 5 in Dodging
 17093 | D:10     | Offered knowledge of Flame Wave by Vehumet.
 17395 | D:10     | Found a sacrificial altar of Ru.
 17471 | D:10     | Found a sparkling altar of Nemelex Xobeh.
 17521 | D:10     | Noticed Snorg
 17659 | D:10     | Killed Snorg
 17983 | D:10     | Noticed Gastronok
 17989 | D:10     | Killed Gastronok
 17990 | D:10     | Reached skill level 12 in Fighting
 18267 | D:11     | Noticed a boulder beetle
 19469 | D:6      | Reached XP level 12. HP: 82/103 MP: 3/18
 19681 | D:6      | Learned a level 4 spell: Ice Form
 19994 | D:11     | Killed a boulder beetle
 20219 | D:11     | Got Varycanu's Compilation of Mutagenic Clouds
 20231 | D:11     | Found a staircase to the Lair.
 20255 | D:11     | Noticed a five-headed hydra
 20264 | D:11     | Killed a five-headed hydra
 20265 | D:11     | Reached skill level 13 in Fighting
 20339 | D:11     | Noticed a two-headed ogre
 20430 | D:10     | Killed a two-headed ogre
 20925 | D:11     | Reached skill level 1 in Translocations
 21054 | D:11     | Reached skill level 1 in Transmutations
 21647 | Lair:1   | Entered Level 1 of the Lair of Beasts
 21780 | Lair:1   | You fall into a shaft and drop 1 floor!
 21869 | Lair:2   | Reached skill level 5 in Transmutations
 21877 | Lair:2   | Reached **** piety under Vehumet
 21995 | Lair:2   | Found a gate leading to a gauntlet.
 22005 | Gauntlet | Entered a Gauntlet
 22005 | Gauntlet | Found a transporter.
 22005 | Gauntlet | Found a transporter.
 22008 | Gauntlet | Found a transporter.
 22008 | Gauntlet | Found a transporter.
 22015 | Gauntlet | Noticed a dire elephant
 22020 | Gauntlet | Found a transporter.
 22023 | Gauntlet | Noticed a soul eater
 22026 | Gauntlet | Found a transporter.
 22027 | Gauntlet | Found a transporter.
 22032 | Gauntlet | Noticed a ghost crab
 22036 | Gauntlet | Found a transporter.
 22036 | Gauntlet | Found a transporter.
 22039 | Gauntlet | Noticed a catoblepas
 22067 | Gauntlet | Found a transporter.
 22080 | Gauntlet | Found a transporter.
 22099 | Gauntlet | Found a transporter.
 22130 | Gauntlet | Found a transporter.
 22144 | Gauntlet | Noticed a blizzard demon
 22146 | Gauntlet | Found a transporter.
 22244 | Gauntlet | Found a transporter.
 22261 | Gauntlet | Found a transporter.
 22314 | Gauntlet | Noticed a two-headed ogre
 22326 | Gauntlet | a two-headed ogre changed into a floating eye
 22332 | Gauntlet | Noticed a bunyip
 22355 | Gauntlet | Noticed an entropy weaver
 22355 | Gauntlet | a bunyip changed into an entropy weaver
 22406 | Gauntlet | Noticed a catoblepas
 22406 | Gauntlet | an entropy weaver changed into a catoblepas
 22426 | Gauntlet | Noticed a storm dragon
 22426 | Gauntlet | a catoblepas changed into a storm dragon
 22438 | Gauntlet | Noticed an ice dragon
 22438 | Gauntlet | a storm dragon changed into an ice dragon
 22466 | Gauntlet | an ice dragon changed into a goliath frog
 22468 | Gauntlet | Noticed a two-headed ogre
 22468 | Gauntlet | a redback changed into a two-headed ogre
 22535 | Gauntlet | Noticed a two-headed ogre
 22544 | Gauntlet | Killed a two-headed ogre
 22544 | Gauntlet | Offered knowledge of Olgreb's Toxic Radiance by Vehumet.
 22545 | Gauntlet | Reached skill level 5 in Spellcasting
 22693 | Gauntlet | Learned a level 5 spell: Irradiate
 22703 | Gauntlet | Identified the ring of Katwony {Dex+6 Slay+3}
 22792 | Gauntlet | Killed a ghost crab
 22945 | Gauntlet | Noticed a minotaur
 22971 | Gauntlet | Killed a minotaur
 22972 | Gauntlet | Gained mutation: You can hop long distances. [Barachi
                  | growth]
 22972 | Gauntlet | Reached XP level 13. HP: 53/112 MP: 13/23
 23194 | Gauntlet | Identified the +1 robe of Springtime {rF+ Str+3 Int+2
                  | Dex+3}
 23230 | Lair:2   | Reached skill level 14 in Fighting
 23282 | Lair:2   | Noticed Harold
 23307 | Lair:2   | Killed Harold
 23582 | Lair:1   | Reached skill level 15 in Fighting
 24503 | Lair:1   | Reached ***** piety under Vehumet
 24676 | Lair:1   | Offered knowledge of Lee's Rapid Deconstruction by Vehumet.
 24821 | Lair:1   | Identified the +0 leather armour of Oniel {rC+}
 25324 | Lair:1   | Reached skill level 1 in Earth Magic
 26920 | Lair:2   | Found a hole to the Spider Nest.
 27200 | Lair:3   | Found a staircase to the Swamp.
 27429 | Lair:2   | Learned a level 5 spell: Lee's Rapid Deconstruction
 28032 | Lair:3   | Reached XP level 14. HP: 123/123 MP: 9/27
 28365 | Lair:3   | Reached skill level 5 in Earth Magic
 29088 | Lair:3   | Found a staircase to the Swamp.
 31114 | Lair:5   | Entered Level 5 of the Lair of Beasts
 32814 | Lair:5   | Reached skill level 10 in Transmutations
 34920 | Lair:5   | Reached skill level 10 in Spellcasting
 35648 | Lair:5   | Found a viscous altar of Jiyva.
 35648 | Lair:5   | Found a staircase to the Slime Pits.
 35876 | Lair:5   | Identified the +0 robe of Keol Daingal {Archmagi}
 36154 | Lair:5   | Noticed a dire elephant
 37210 | Lair:5   | Learned a level 6 spell: Statue Form
 37278 | Lair:5   | Reached XP level 15. HP: 105/129 MP: 18/31
 38698 | D:12     | Found a flickering gateway to a bazaar.
 38769 | Bazaar   | Entered a bazaar
 38772 | Bazaar   | Found Dohoohet's Magic Scroll Shoppe.
 38814 | Bazaar   | Found Fybri's Antique Armour Boutique.
 38829 | Bazaar   | Found Fiedwy's Magic Scroll Emporium.
 38850 | Bazaar   | Found Usaodutt's Weapon Boutique.
 38859 | Bazaar   | Found Vagedode's Distillery.
 38915 | Bazaar   | Bought a scroll of blinking for 105 gold pieces
 38933 | Bazaar   | Bought the +7 lajatang of Order {silver, rMut} for 563 gold
                  | pieces
 38933 | Bazaar   | Found the +7 lajatang of Order {silver, rMut}
 38951 | Bazaar   | Bought a scroll of teleportation for 42 gold pieces
 38976 | Bazaar   | Bought a potion of curing for 30 gold pieces
 38976 | Bazaar   | Bought a potion of haste for 100 gold pieces
 39051 | Bazaar   | Bought a scroll of summoning for 95 gold pieces
 39051 | Bazaar   | Bought a scroll of noise for 10 gold pieces
 39126 | Bazaar   | Bought a potion of brilliance for 40 gold pieces
 39126 | Bazaar   | Bought a potion of brilliance for 40 gold pieces
 39201 | Bazaar   | Bought a scroll of identify for 20 gold pieces
 39201 | Bazaar   | Bought a scroll of identify for 20 gold pieces
 39251 | Bazaar   | Bought a scroll of identify for 28 gold pieces
 39301 | Bazaar   | Bought a scroll of immolation for 40 gold pieces
 39301 | Bazaar   | Bought a scroll of immolation for 40 gold pieces
 39808 | Lair:5   | Found a viscous altar of Jiyva.
 39808 | Lair:5   | Found a staircase to the Slime Pits.
 39869 | Lair:5   | Offered knowledge of Conjure Ball Lightning by Vehumet.
 39878 | Lair:5   | Learned a level 6 spell: Conjure Ball Lightning
 41053 | D:12     | Found a staircase to the Orcish Mines.
 41080 | D:12     | Identified a scroll of acquirement
 41115 | D:12     | Found an ornate altar of the Wu Jian Council.
 41653 | Orc:1    | Entered Level 1 of the Orcish Mines
 42468 | D:12     | Reached skill level 16 in Fighting
 42804 | Orc:1    | Reached skill level 1 in Staves
 42962 | Orc:1    | Found Icurphof's Armour Boutique.
 43234 | Orc:2    | Entered Level 2 of the Orcish Mines
 43234 | Orc:2    | Noticed an orc warlord
 43395 | Orc:1    | Killed an orc warlord
 44128 | Orc:2    | Found a staircase to the Elven Halls.
 44128 | Orc:2    | Found Duetixt's Magic Scroll Shoppe.
 44142 | Orc:2    | Reached skill level 5 in Air Magic
 44377 | Orc:2    | Found Doh Sule's General Store.
 44379 | Orc:2    | Found Naukk's Specific Store.
 44632 | Orc:2    | Acquired a book of Ice
 44632 | Orc:2    | Gained mutation: You are occasionally teleported next to
                  | monsters. [mutagenic glow]
 44634 | Orc:2    | Lost mutation: You are occasionally teleported next to
                  | monsters. [potion of mutation]
 44634 | Orc:2    | Gained mutation: You have hidden genetic defects. [potion
                  | of mutation]
 44635 | Orc:2    | Lost mutation: You have hidden genetic defects. [potion of
                  | mutation]
 44635 | Orc:2    | Gained mutation: Your spells are a little harder to cast,
                  | but a little more powerful. [potion of mutation]
 44741 | Orc:2    | Reached ****** piety under Vehumet
 44812 | Orc:2    | Offered knowledge of Starburst by Vehumet.
 45101 | Orc:2    | Found Orghir's Distillery.
 45130 | Orc:2    | Found Cemmotash's General Store.
 45139 | Orc:2    | Found Yzera's Assorted Antiques.
 45641 | Orc:2    | Bought an Inescapable Atlas for 510 gold pieces
 45644 | Orc:2    | Learned a level 2 spell: Blink
 46478 | D:13     | Noticed Frances
 46488 | D:13     | Killed Frances
 46774 | D:13     | Found Jayl's General Store.
 47410 | D:13     | Reached XP level 16. HP: 90/138 MP: 13/33
 48657 | D:14     | Reached skill level 10 in Air Magic
 49049 | D:14     | Identified Roxanne's Vellum of the Boulder
 49049 | D:14     | Noticed Roxanne
 49122 | D:14     | Found a gate to the Vaults.
 50097 | D:14     | Killed Roxanne
 50302 | D:15     | Entered Level 15 of the Dungeon
 50901 | D:15     | Noticed Azrael
 51612 | D:15     | Offered knowledge of Iskenderun's Battlesphere by Vehumet.
 52340 | D:15     | Found a staircase to the Depths.
 52699 | D:15     | Found Gaoreegeu's Overcharged Wands.
 52723 | D:15     | Killed Azrael
 53114 | D:15     | Paralysed by an ogre mage for 5 turns
 53520 | D:15     | Found Gaoreegeu's Overcharged Wands.
 53802 | D:15     | Found a staircase to the Depths.
 54063 | Swamp:1  | Entered Level 1 of the Swamp
 54458 | Swamp:1  | Noticed Louise
 54538 | Spider:1 | Entered Level 1 of the Spider Nest
 54957 | Lair:2   | Learned a level 7 spell: Storm Form
 54962 | Lair:2   | Learned a level 2 spell: Wereblood
 54966 | Lair:2   | Learned a level 3 spell: Swiftness
 55006 | Spider:1 | Reached skill level 1 in Unarmed Combat
 55334 | Spider:1 | Offered knowledge of Iron Shot by Vehumet.
 55407 | Spider:1 | Reached XP level 17. HP: 128/144 MP: 6/34
 56475 | Spider:2 | Noticed Arachne
 56479 | Spider:2 | Killed Arachne
 56710 | Spider:2 | Gained mutation: Armour fits poorly on your strangely
                  | shaped body. [mutagenic glow]
 56721 | Spider:2 | Gained mutation: You are weak. (Str -2) [mutagenic glow]
 57211 | Spider:2 | Learned a level 6 spell: Iron Shot
 57384 | Spider:2 | Reached skill level 17 in Fighting
 57495 | Spider:2 | Got the Verses on Reshaped Fog
 59489 | Spider:3 | Offered knowledge of Spellforged Servitor by Vehumet.
 60715 | Spider:4 | Entered Level 4 of the Spider Nest
 61375 | Spider:4 | Noticed Bai Suzhen
 61563 | Spider:3 | Killed Bai Suzhen
 61593 | Spider:4 | Noticed Kirke
 61762 | Spider:3 | Killed from afar by a lindwurm

Illustrated notes

Levels and vault maps discovered:
D:1:      sevenhm_arrival_forest_fort_large_3, layout_basic, minmay_tromino_v2
D:2:      layout_loops_corners, basic_altar, hellmonk_ecumenical_altar_zigzags
D:3:      layout_loops_ring
D:4:      layout_loops_cross, nicolae_yredelemnul_corpse_copse, uniq_edmund
D:5:      layout_loops_ring, nicolae_ashenzari_panopticon,
          minmay_temple_entry_poolview
D:6:      kennysheep_windowed_halls, layout_loops_corners,
          mainiacjoe_overflow_chevrons, minmay_divided_ellipse
D:7:      layout_gridville, grunt_temple_overflow_forces_of_nature
D:8:      layout_loops_ring, sigmund_army
D:9:      layout_cave_pools, nicolae_dithmenos_through_a_glass_darkly,
          nicolae_kikubaaqudgha_miasma_corner, lemuel_coloured_pillars_altar,
          mrwooster_statue_mirror
D:10:     layout_loops_ring, mainiacjoe_overflow_concentric_impassable,
          kennysheep_mini_moat, serial_rivers, chequers_serial_rivers_small_b,
          chequers_serial_rivers_room_a, chequers_serial_rivers_micro_e,
          chequers_serial_rivers_micro_a, chequers_serial_rivers_room_b,
          chequers_serial_rivers_room_a, uniq_gastronok, uniq_josephine,
          uniq_snorg
D:11:     layout_roguey, dpeg_oklobed_lair
D:12:     layout_rooms, david_orc_2, serial_shops, bzr_entry_customers,
          pdpol_wu_jian_five_deadly_venoms
D:13:     layout_irregular_city, serial_shops, nicolae_shop_waterfront,
          kennysheep_generic_room_9, uniq_frances
D:14:     layout_cave_pods, david_vaults_4, hangedman_decor_clover_reticule,
          minmay_checkerbox, uniq_roxanne
D:15:     grunt_enter_depths_magical_seal, layout_loops_cross,
          hangedman_decor_peaks_small, nicolae_shop_overcharged_wands,
          uniq_azrael
Temple:   nicolae_temple_slightly_damp_pantheon
Lair:1:   cheibrodos_lair_river_kwai, layout_cave_pods
Lair:2:   layout_loops_ring, spider_nest_entry_web_field,
          gauntlet_entry_generic, chequers_serial_rivers_micro_c,
          serial_bayou_shore_a, uniq_harold
Lair:3:   layout_hall_layers, skrybe_swamp_entry_bodies, grunt_megastairs_5,
          lemuel_fruit_tree
Lair:4:   layout_regular_city, grunt_megastairs_3, serial_bayou_shore_b
Lair:5:   due_jungle_book, layout_gridlike, dpeg_slime_entry_corner,
          grunt_megastairs_4
Swamp:1:  layout_basic_swamp, hangedman_swamp_diagram, swamp_pool4, uniq_louise
Spider:1: layout_spider_delve
Spider:2: layout_chambers, hangedman_spider_tarantella_strand, uniq_arachne
Spider:3: layout_spider_delve, nicolae_spider_webbed_stairs
Spider:4: hellmonk_spider_rune_endless_swarm, uniq_kirke, uniq_bai_suzhen
Orc:1:    layout_caves, serial_shops, nicolae_shop_hallway_plus
Orc:2:    st_orc_open, layout_diamond_mine, nicolae_specific_store

Skill      XL: |  1  2  3  4  5  6  7  8  9 10 11 12 13 14 15 16 17 |
---------------+----------------------------------------------------+-----
Ice Magic      | 5 6 7 9 |  9.0
Conjurations   | 3 5 6 7 8 9 |  9.0
Spellcasting   | 3 4 7 9 12 13 14 | 14.0
Fighting       | 6 9 12 13 15 16 17 | 17.6
Dodging        | 4 7 8 9 |  9.7
Air Magic      | 3 9 13 | 13.0
Evocations     | 9 10 | 10.0
Translocations | 1 |  1.0
Transmutations | 7 9 10 12 | 12.5
Earth Magic    | 4 8 |  8.0
Staves         | 4 |  4.3
Unarmed Combat | 3 4 |  4.3
Stealth        | |  1.7

Action                   |  1- 3 |  4- 6 |  7- 9 | 10-12 | 13-15 | 16-18 || total
-------------------------+-------+-------+-------+-------+-------+-------++-------
Melee: Unarmed           |     4 |       |       |     7 |    32 |   191 ||   234
       War axe           |     1 |    33 |       |       |       |       ||    34
       Dire flail        |       |    15 |    81 |   101 |    17 |       ||   214
       Staff             |       |       |       |       |    53 |     2 ||    55
       Lajatang          |       |       |       |       |    28 |    23 ||    51
       Punch             |       |       |       |       |       |     3 ||     3
 Cast: Freeze            |    32 |    44 |     9 |       |     2 |       ||    87
       Frozen Ramparts   |       |    10 |    29 |     8 |       |       ||    47
       Ozocubu's Armour  |       |     5 |    19 |    27 |    13 |     7 ||    71
       Hailstorm         |       |       |    54 |    62 |    32 |     1 ||   149
       Freezing Cloud    |       |       |       |    79 |   192 |    17 ||   288
       Ice Form          |       |       |       |    10 |    19 |       ||    29
       Irradiate         |       |       |       |     2 |    69 |     9 ||    80
       Lee's Rapid Decon |       |       |       |       |    67 |    10 ||    77
       Statue Form       |       |       |       |       |    76 |    56 ||   132
       Conjure Ball Ligh |       |       |       |       |    89 |   139 ||   228
       Storm Form        |       |       |       |       |       |    39 ||    39
       Wereblood         |       |       |       |       |       |     9 ||     9
       Iron Shot         |       |       |       |       |       |     7 ||     7
 Abil: Hop               |       |       |     6 |    17 |    14 |     5 ||    42
       End Transformatio |       |       |       |       |    19 |    10 ||    29
       Blinkbolt         |       |       |       |       |       |     3 ||     3
Evoke: Wand              |       |       |       |     2 |       |       ||     2
  Use: Scroll            |       |     3 |     4 |     7 |    18 |     4 ||    36
       Potion            |       |       |       |     3 |     7 |     1 ||    11
 Stab: Sleeping          |     1 |     1 |       |       |       |       ||     2
Armor: Robe              |     5 |    33 |    46 |    51 |    28 |    15 ||   178
       Skin              |       |       |       |     4 |   196 |   151 ||   351
Dodge: Dodged            |    17 |    49 |    64 |   191 |   363 |   484 ||  1168
